[ AOE2 MATCH · #477107902 ]
Team RMFranks vs Franks
[ REPLAY ANALYSIS · EXTRACTED FROM THE RECORDED GAME ]
Feudal
—
Castle
—
Imperial
—
| APM avg | 32.7 |
| APM peak | 47 |
| eAPM avg | 6.4 |
| Villagers / military | 18 / 0 |
Focus
⚔️ 4.3% · 🌾 95.7%
Feudal
—
Castle
—
Imperial
—
| APM avg | 29.4 |
| APM peak | 48 |
| eAPM avg | 10.6 |
| Villagers / military | 24 / 0 |
Focus
⚔️ 1.3% · 🌾 98.7%
Feudal
—
Castle
—
Imperial
—
| APM avg | 24.9 |
| APM peak | 46 |
| eAPM avg | 7.5 |
| Villagers / military | 21 / 0 |
Focus
⚔️ 5.2% · 🌾 94.8%
Feudal
—
Castle
—
Imperial
—
| APM avg | 20.2 |
| APM peak | 55 |
| eAPM avg | 2.9 |
| Villagers / military | 11 / 0 |
Focus
⚔️ 0.0% · 🌾 100.0%
Match map
Initial resources + every placement click. Lines = walls · curves = elevation contours. ◆ gold · ⬟ stone · ● berries · ✦ relic · ◌ wall gap
Your base
Alec (Lama)'s base
brownwoodd's base
Blijadmann's base
Smoothed initial terrain · ◌ = detected wall gap · hover for details
Inputs per minute
— 15. - - Alec (Lama)
Build order — 15.
25 actions detected in the replay
| 0:01 | Create | Villager (Male) |
| 0:01 | Create | Villager (Male) |
| 0:01 | Create | Villager (Male) |
| 0:03 | Build | House |
| 0:06 | Build | House |
| 0:25 | Create | Villager (Male) |
| 1:35 | Create | Villager (Male) |
| 1:48 | Build | Lumber Camp |
| 2:02 | Create | Villager (Male) |
| 2:28 | Create | Villager (Male) |
| 2:48 | Create | Villager (Male) |
| 3:08 | Create | Villager (Male) |
| 3:28 | Build | House |
| 3:38 | Create | Villager (Male) |
| 3:50 | Build | Mill |
| 4:17 | Create | Villager (Male) |
| 5:03 | Create | Villager (Male) |
| 5:03 | Create | Villager (Male) |
| 5:44 | Create | Villager (Male) |
| 6:21 | Create | Villager (Male) |
| 6:27 | Build | House |
| 6:47 | Create | Villager (Male) |
| 7:20 | Build | Mining Camp |
| 7:25 | Create | Villager (Male) |
| 7:26 | Create | Villager (Male) |
Build order — Alec (Lama)
31 actions detected in the replay
| 0:00 | Create | Villager (Male) |
| 0:01 | Create | Villager (Male) |
| 0:01 | Create | Villager (Male) |
| 0:02 | Build | House |
| 0:04 | Build | House |
| 1:13 | Create | Villager (Male) |
| 1:13 | Create | Villager (Male) |
| 1:44 | Create | Villager (Male) |
| 1:44 | Create | Villager (Male) |
| 1:56 | Build | Lumber Camp |
| 2:17 | Create | Villager (Male) |
| 2:17 | Create | Villager (Male) |
| 2:54 | Create | Villager (Male) |
| 2:54 | Create | Villager (Male) |
| 3:09 | Create | Villager (Male) |
| 3:40 | Build | House |
| 3:47 | Research | Loom |
| 4:32 | Create | Villager (Male) |
| 4:32 | Create | Villager (Male) |
| 4:33 | Create | Villager (Male) |
| 4:37 | Build | Mill |
| 5:26 | Create | Villager (Male) |
| 5:26 | Create | Villager (Male) |
| 5:27 | Create | Villager (Male) |
| 5:27 | Create | Villager (Male) |
| 5:27 | Create | Villager (Male) |
| 6:51 | Create | Villager (Male) |
| 7:03 | Build | House |
| 7:41 | Create | Villager (Male) |
| 7:41 | Create | Villager (Male) |
| 7:42 | Create | Villager (Male) |
Build order — brownwoodd
27 actions detected in the replay
| 0:01 | Create | Villager (Male) |
| 0:01 | Create | Villager (Male) |
| 0:02 | Create | Villager (Male) |
| 0:04 | Build | House |
| 0:05 | Build | House |
| 1:00 | Create | Villager (Male) |
| 1:42 | Create | Villager (Male) |
| 1:51 | Build | Lumber Camp |
| 2:23 | Create | Villager (Male) |
| 2:24 | Create | Villager (Male) |
| 2:58 | Create | Villager (Male) |
| 3:36 | Build | House |
| 3:49 | Create | Villager (Male) |
| 3:49 | Create | Villager (Male) |
| 4:57 | Create | Villager (Male) |
| 5:49 | Create | Villager (Male) |
| 5:50 | Create | Villager (Male) |
| 5:50 | Create | Villager (Male) |
| 5:50 | Create | Villager (Male) |
| 5:57 | Create | Villager (Male) |
| 5:57 | Create | Villager (Male) |
| 6:25 | Build | Mill |
| 6:40 | Create | Villager (Male) |
| 6:40 | Create | Villager (Male) |
| 7:02 | Create | Villager (Male) |
| 7:02 | Create | Villager (Male) |
| 8:12 | Build | House |
Build order — Blijadmann
9 actions detected in the replay
| 0:01 | Create | Villager (Male) ×4 |
| 0:05 | Build | House |
| 0:09 | Build | House |
| 2:07 | Create | Villager (Male) ×2 |
| 2:47 | Build | Lumber Camp |
| 2:50 | Create | Villager (Male) ×2 |
| 3:07 | Create | Villager (Male) |
| 3:40 | Build | House |
| 3:46 | Create | Villager (Male) ×2 |
Match timeline
| 5:20 | Blijadmann · resign |
[ AI ANALYSIS · 1 CREDIT ]
What really happened in this match?
Wolo.gg analyzes every decision: build order, eco, micro, common mistakes by bracket. Personalized analysis on WhatsApp or Discord in 30 seconds.
Civ guide
Franks
Map guide
Arabia
Perfil
Jugador #8976549